 Dungeon Crawl Stone Soup version 0.19.0-19-g8c6edcc (webtiles) character file.

102 Drunkenshrew the Shield-Bearer (level 4, -5/31 HPs)
             Began as a High Elf Fighter on Nov 14, 2016.
             Slain by an ogre
             ... wielding a +0 giant spiked club
              (15 damage)
             ... on level 4 of the Dungeon.
             The game lasted 00:05:23 (2073 turns).

Drunkenshrew the Shield-Bearer (High Elf Fighter)   Turns: 2073, Time: 00:05:23

Health: -5/31      AC: 10    Str: 15    XL:     4   Next: 49%
Magic:  5/5        EV:  8    Int: 12    God:
Gold:   123        SH:  9    Dex: 15    Spells: 0 memorised, 3 levels left

rFire  . . .     SeeInvis .     a - +0 long sword
rCold  . . .     Gourm    .     w - +0 ring mail
rNeg   . . .     Faith    .     c - +0 shield
rPois  .         Spirit   .     t - +1 helmet
rElec  .         Reflect  .     (no cloak)
rCorr  .         Harm     .     (no gloves)
MR     +....                    j - +2 pair of boots
Stlth  +.........               (no amulet)
                                (no ring)
                                r - ring of protection from magic

@: no status effects
A: no striking features
a: no special abilities


You were on level 4 of the Dungeon.
You were very hungry.

You visited 1 branch of the dungeon, and saw 4 of its levels.

You collected 123 gold pieces.

Inventory:

Hand Weapons
 a - a +0 long sword (weapon)
 q - a +0 dagger of draining
Missiles
 p - 45 arrows
Armour
 c - a +0 shield (worn)
 j - a +2 pair of boots (worn)
 t - a +1 helmet (worn)
 w - a +0 ring mail (worn)
Jewellery
 r - a ring of protection from magic (left hand)
Scrolls
 e - a scroll of amnesia {unknown}
 k - 2 scrolls of teleportation {unknown}
 l - 5 scrolls of fog {unknown}
 s - a scroll of random uselessness {unknown}
 v - a scroll of magic mapping {unknown}
Potions
 b - a potion of cancellation {unknown}
 d - a potion of curing
 h - a potion of flight
 i - 2 potions of lignification
 m - a potion of cure mutation
 u - a potion of resistance {unknown}
Comestibles
 f - 4 bread rations
 n - a meat ration
 o - a beef jerky


   Skills:
 - Level 3.0 Fighting
 + Level 3.6 Long Blades
 - Level 3.1 Armour
 - Level 4.0 Shields


You had 3 spell levels left.
You didn't know any spells.

Dungeon Overview and Level Annotations

Branches:
Dungeon (4/15)
 Temple: D:4-7

Altars:
Okawaru


Message History

You barely miss the ogre.
The ogre is heavily wounded.
The ogre hits you with a giant spiked club.
* * * LOW HITPOINT WARNING * * *
You are too injured to fight recklessly!
You are too injured to fight recklessly!
You are too injured to fight recklessly!
You feel much better. You block the ogre's attack.
You barely miss the ogre.
The ogre is heavily wounded.
The ogre hits you with a giant spiked club!!
Ouch! That really hurt!
* * * LOW HITPOINT WARNING * * *
You hit the ogre but do no damage.
The ogre is heavily wounded.
The ogre barely misses you.
You barely miss the ogre.
The ogre is heavily wounded.
The ogre hits you with a giant spiked club!
You die...

## .# .# .#
##############O#
#............@.#
#.##############
#.###...#.#
#.#....<..#
#.#.#.###.#
#.#.#...#.#
#.#.###.#.#
#.#.....#.#
#.#######.#


You could see an ogre.

Vanquished Creatures
  3 adders
  A gnoll (D:3)
  A worm (D:3)
  4 dart slugs
  2 leopard geckos
  2 orcs (D:3)
  7 bats
  9 goblins
  5 hobgoblins
  3 jackals (D:2)
  A ball python (D:3)
  A frilled lizard (D:1)
  7 kobolds
  6 rats
52 creatures vanquished.

Notes
Turn   | Place    | Note
-------+----------+-------------------------------------------
     0 | D:1      | Drunkenshrew the High Elf Fighter began the quest for the Orb.
     0 | D:1      | Reached XP level 1. HP: 16/16 MP: 2/2
    40 | D:1      | Reached skill level 3 in Shields
    72 | D:1      | Reached XP level 2. HP: 16/21 MP: 3/3
   667 | D:2      | Reached XP level 3. HP: 15/26 MP: 4/4
   851 | D:2      | Reached skill level 4 in Shields
  1304 | D:3      | Reached XP level 4. HP: 31/31 MP: 5/5
  1355 | D:3      | Found an iron altar of Okawaru.
  2063 | D:4      | Noticed an ogre
  2073 | D:4      | Slain by an ogre

Skill      XL: |  1  2  3  4 |
---------------+-------------+-----
Shields        | 3 4 |  4.0
Armour         | 3 |  3.1
Long Blades    | 3 |  3.6
Fighting       | |  3.0

Action                   |  1- 3 |  4- 6 || total
-------------------------+-------+-------++-------
Melee: Long sword        |   126 |    57 ||   183
  Use: Scroll            |       |     5 ||     5
       Potion            |       |     2 ||     2
  Eat: Chunk             |     2 |     1 ||     3
Armor: Scale mail        |    53 |    15 ||    68
       Ring mail         |       |     4 ||     4
Dodge: Dodged            |    31 |    17 ||    48
Block: Shield            |    81 |    26 ||   107
       Rpst.: Long sword |    11 |     3 ||    14
